 Dungeon Crawl Stone Soup version 0.15.2 (webtiles) character file.

1 MisterOstroum the Insei (level 1, 0/18 HPs)
             Began as a Mummy Monk on Oct 13, 2020.
             Slain by a goblin
             ... wielding a +0 dagger
              (4 damage)
             ... on Level 1 of the Dungeon.
             The game lasted 00:00:27 (66 turns).

MisterOstroum the Insei (Mummy Monk)                  Turns: 66, Time: 00:00:27

HP   0/18        AC  0     Str 14      XL: 1   Next: 16%
MP   1/1         EV 13     Int  9      God:
Gold 0           SH  0     Dex 14      Spells:  0 memorised,  0 levels left

rFire  x . .     SeeInvis .       - Unarmed
rCold  + . .     Clarity  .     (no armour)
rNeg   + + +     rCorr    .     (no shield)
rPois  +         rRot     +     (no helmet)
rElec  .         Spirit   .     (no cloak)
SustAb .         Warding  .     (no gloves)
rMut   .         Stasis   .     (no boots)
Gourm  .                        (no amulet)
MR     .....                    (no ring)
                                (no ring)

@: not resistant to hostile enchantments, unstealthy
A: no food or potions, fire vulnerability, restore body, cold resistance 1,
negative energy resistance 3, poison resistance, torment resistance, unbreathing
a: no special abilities


You were on level 1 of the Dungeon.
You were not hungry.

You visited 1 branch of the dungeon, and saw 1 of its levels.

Inventory:

Missiles
 b - 27 stones {=f}
Armour
 a - a +0 robe
Scrolls
 c - a scroll of identify {!r, unknown}


   Skills:
 + Level 3.0 Fighting
 - Level 2.4 Dodging
 - Level 1.5 Stealth
 * Level 3.3 Unarmed Combat


You couldn't memorise any spells.
You didn't know any spells.

Dungeon Overview and Level Annotations

Branches:
Dungeon (1/15)

Altars:


Innate Abilities, Weirdness & Mutations

You do not eat or drink.
Your flesh is vulnerable to fire.
Your flesh is cold resistant.
You are immune to negative energy.
Your system is resistant to poisons.
You are immune to unholy pain and torment.
You can survive without breathing.


Message History

Welcome, MisterOstroum the Mummy Monk.
They say that the Orb of Zot exists deep within this dungeon, but nobody has ever found it.
Press ? for a list of commands and other information.
Found four items.
Found a staircase leading out of the dungeon.
Wear which item? (? for menu, Esc to quit)
You start removing your armour.
You continue taking off your +0 robe.
You continue taking off your +0 robe. x3
You finish taking off your +0 robe.
You see here a white potion.
There is a fountain of clear blue water here.
b - 27 stones {=f}
Found a stone staircase leading down.
Found a ring mail.
c - a scroll labeled FAXEVI ZOPLO {!r} No target in view!
You open the door.
A goblin comes into view. It is wielding a dagger.
A goblin is nearby!
There is an open door here.
An ooze comes into view.
The goblin shouts!
The ooze quivers.
The goblin barely misses you.
You closely miss the goblin. The goblin hits you but does no damage.
You barely miss the goblin.
A bat comes into view.
You closely miss the goblin. The goblin hits you with a dagger.
The bat closely misses you. The bat closely misses you.
There is an open door here.
The bat completely misses you.
You miss the bat. The bat hits you. The bat closely misses you.
The bat hits you. The bat hits you. x2
You miss the bat. The bat misses you. The bat hits you.
You miss the bat. The bat barely misses you.
You hit the bat.
You kill the bat!
You barely miss the goblin. The goblin closely misses you.
You hit the goblin.
The goblin is moderately wounded.
You hit the goblin but do no damage.
The goblin is moderately wounded.
The goblin hits you with a dagger.
* * * LOW HITPOINT WARNING * * *
The goblin hits you with a dagger.
You die...

.## #.. #.##......# .!##
#.. #.##......# ...##
#..##.##......# .⌠..##
#...#.###'##### ..[..#
#.......#.#
...##########.#.#.#.#######
####..............J.......#
##...########....g........#
...............>@.........#
#############[##.#........#
#.##.+........#
#.####........# #.#
#........# #.# #........# .
##########


You could see an ooze and a goblin.

Vanquished Creatures
  A bat (D:1)
1 creature vanquished.

Notes
Turn   | Place    | Note
--------------------------------------------------------------
     0 | D:1      | MisterOstroum, the Mummy Monk, began the quest for the Orb.
     0 | D:1      | Reached XP level 1. HP: 18/18 MP: 1/1
    66 | D:1      | Slain by a goblin

Action                   || total
-------------------------++-------
Melee: Unarmed           ||    10
